 Dungeon Crawl Stone Soup version 0.29.1-4-g47bece8355 (webtiles) character file.

Game seed: 11619294057109700643

1276 ChadusMaximus the Magician (level 8, -6/41 HPs)
             Began as a Deep Elf Fire Elementalist on Dec 4, 2022.
             Mangled by an orc warrior
             ... wielding a +0 glaive
              (17 damage)
             ... on level 6 of the Dungeon.
             The game lasted 00:20:23 (6917 turns).

ChadusMaximus the Magician (DEFE)                   Turns: 6917, Time: 00:20:25

Health: -6/41      AC:  5    Str:  5    XL:     8   Next: 28%
Magic:  12/20      EV: 16    Int: 23    God:
Gold:   624        SH:  0    Dex: 15    Spells: 11/21 levels left

rFire   . . .      SeeInvis .   m - staff of cold
rCold   + . .      Faith    .   (no shield)
rNeg    + . .      Spirit   .   o - +0 leather armour
rPois   .          Reflect  .   (no helmet)
rElec   .          Harm     .   (no cloak)
rCorr   .          Rampage  .   D - +0 pair of gloves
Will    .....                   C - +0 pair of boots
Stlth   ++........              (no amulet)
HPRegen 0.13/turn               t - ring of positive energy
MPRegen 0.17/turn               q - +4 ring of evasion

@: no status effects
A: no striking features
a: no special abilities


You were on level 6 of the Dungeon.
You visited 1 branch of the dungeon, and saw 7 of its levels.
You also visited: Ossuary.

You collected 624 gold pieces.

Inventory:

Armour
 a - a +0 robe
 o - a +0 leather armour (worn)
 C - a +0 pair of boots (worn)
 D - a +0 pair of gloves (worn)
 G - a scarf of harm
Magical Staves
 m - a staff of cold (weapon)
Jewellery
 l - a ring of protection from fire
 q - a +4 ring of evasion (right hand)
 t - a ring of positive energy (left hand)
 A - a ring of fire
 F - a ring of poison resistance
Wands
 B - a wand of light (12)
Scrolls
 d - 2 scrolls of amnesia {unknown}
 g - 2 scrolls of noise {unknown}
 h - 6 scrolls of identify {unknown}
 j - 3 scrolls of fear {unknown}
 k - a scroll of brand weapon {unknown}
 n - 3 scrolls of vulnerability {unknown}
 p - a scroll of blinking {unknown}
 r - 3 scrolls of teleportation {unknown}
 s - a scroll of enchant weapon {unknown}
 v - a scroll of summoning {unknown}
 y - a scroll of magic mapping {unknown}
Potions
 b - 2 potions of magic
 c - 2 potions of degeneration {unknown}
 e - 3 potions of heal wounds {unknown}
 f - 3 potions of mutation {unknown}
 i - 2 potions of curing {unknown}
 u - 3 potions of lignification {unknown}
 w - a potion of invisibility {unknown}
 x - a potion of haste {unknown}
 z - 2 potions of attraction {unknown}
 E - a potion of might {unknown}
 H - a potion of brilliance {unknown}


   Skills:
 - Level 3.0 Dodging
 - Level 3.1 Stealth
 + Level 7.1 Spellcasting
 * Level 6.9 Conjurations
 + Level 7.0 Fire Magic


You had 11 spell levels left.
You knew the following spells:

 Your Spells              Type           Power      Damage    Failure   Level
a - Foxfire               Conj/Fire      100%       2x1d9     1%          1
b - Scorch                Fire           80%        2d9       1%          2
c - Conjure Flame         Conj/Fire      40%        6-21      2%          3
d - Flame Wave            Conj/Fire      40%        2d11      7%          4

Your spell library contained the following spells:

 Spells                   Type           Power      Damage    Failure   Level
 Magic Dart               Conj           100%       1d8       1%          1
 Searing Ray              Conj           80%        2d7       1%          2
 Inner Flame              Hex/Fire       24%        N/A       9%          3
 Fulminant Prism          Conj/Hex       12%        3d9       30%         4
 Frozen Ramparts          Ice            24%        1d4       36%         3
 Ice Form                 Ice/Tmut       12%        N/A       77%         4
 Summon Ice Beast         Ice/Summ       12%        N/A       77%         4
 Summon Mana Viper        Hex/Summ       8%         N/A       98%         5
 Monstrous Menagerie      Summ           4%         N/A       100%        7


Dungeon Overview and Level Annotations

Branches:
Dungeon (7/15)            Ossuary (visited)
 Temple: D:4-7

Altars:

Shops:
D:2 *


Message History

You conjure some foxfire!
The foxfire hits the orc warrior.
The orc warrior is lightly wounded.
The foxfire hits the orc wizard!
The orc wizard is heavily wounded.
The orc wizard mumbles some strange words.
The orc wizard flickers and vanishes!
Deactivating autopickup; reactivate with Ctrl-A.
Casting: Foxfire (safe; 1% risk of failure)
Confirm with . or Enter, or press ? or * to list all spells.
Flames lash the orc warrior.
The orc warrior is moderately wounded.
The orc warrior's fire resistance burns away.
The orc warrior hits you from afar with a +0 glaive!
Casting: Scorch (safe; 1% risk of failure)
Confirm with . or Enter, or press ? or * to list all spells.
You conjure some foxfire!
The orc warrior misses you.
The foxfire hits something but does no damage.
The foxfire hits something.
Casting: Foxfire (safe; 1% risk of failure)
Confirm with . or Enter, or press ? or * to list all spells.
You conjure some foxfire!
The orc warrior hits you from afar with a +0 glaive!
The foxfire hits something.
Reactivating autopickup.
You feel a bit more experienced.
Your Fire Magic skill increases to level 7!
The orc warrior is no longer more vulnerable to fire.
The foxfire hits the orc warrior.
The orc warrior is moderately wounded.
The orc wizard points at you and mumbles some strange words.
The puff of flame hits you.
* * * LOW HITPOINT WARNING * * *
Casting: Foxfire (safe; 1% risk of failure)
Confirm with . or Enter, or press ? or * to list all spells.
Flames lash the orc warrior.
The orc warrior is severely wounded.
The orc warrior's fire resistance burns away.
The orc warrior hits you from afar with a +0 glaive!
You die...

#######
##.....#######
##.......##...##
#..............##
#...............#
#...............#
#...............#
###......)...>...##
...........)..o.@.#
###...............#
#....)..........#
##.>.......o....##
##o..>..........##
....o........####
o##o.......#.#
)...#.....##.#
.###########.#


You could see an orc warrior (combustible) and an orc wizard.

Vanquished Creatures
  An ice beast (D:6)
  2 ogres
  A centaur (D:5)
  A phantom (D:6)
  3 necrophages
  A jelly (D:7)
  An orc priest (D:6)
  2 iguanas
  An orc wizard (D:6)
  8 mummies (Ossuary)
  13 gnolls
  14 adders
  3 river rats (D:5)
  4 white imps
  2 worms
  3 dart slugs
  10 orcs
  9 ball pythons
  7 endoplasms
  6 giant cockroaches
  2 gnoll zombies (Ossuary)
  10 goblins
  9 hobgoblins
  5 kobolds
  3 quokkas
  4 bats
  4 frilled lizards
  A goblin zombie (D:4)
  A hobgoblin zombie (Ossuary)
  A kobold zombie (Ossuary)
  4 orc zombies (Ossuary)
  A quokka zombie (D:4)
  5 rats
142 creatures vanquished.

Vanquished Creatures (collateral kills)
  A foxfire (D:5)
1 creature vanquished.

Vanquished Creatures (others)
  449 foxfires
449 creatures vanquished.

Grand Total: 592 creatures vanquished

Notes
Turn   | Place    | Note
-------+----------+-------------------------------------------
     0 | D:1      | ChadusMaximus the Deep Elf Fire Elementalist began the
                  | quest for the Orb.
     0 | D:1      | Reached XP level 1. HP: 10/10 MP: 6/6
     6 | D:1      | Noticed a komodo dragon
     6 | D:1      | Noticed a four-headed hydra
     7 | D:1      | Noticed a black mamba
     7 | D:1      | Noticed a scorpion
   160 | D:1      | Reached XP level 2. HP: 15/15 MP: 5/8
   517 | D:1      | Found a faded altar of an unknown god.
  1072 | D:2      | Reached XP level 3. HP: 12/19 MP: 5/10
  1204 | D:2      | Found Reaclo's Assorted Antiques.
  1562 | D:2      | Reached XP level 4. HP: 24/24 MP: 6/11
  1928 | D:2      | Learned a level 2 spell: Scorch
  2916 | D:3      | Reached XP level 5. HP: 28/28 MP: 4/13
  3799 | D:4      | Noticed an ogre
  3806 | D:4      | Killed an ogre
  3807 | D:4      | Reached skill level 5 in Fire Magic
  3807 | D:4      | Reached XP level 6. HP: 6/32 MP: 7/15
  3966 | D:4      | Found a sand-covered staircase.
  3975 | Ossuary  | Entered an ossuary
  4070 | Ossuary  | Learned a level 3 spell: Conjure Flame
  4129 | Ossuary  | Reached skill level 5 in Spellcasting
  4500 | D:4      | You fall into a shaft and drop 3 floors!
  4554 | D:6      | Noticed an ice beast
  4621 | D:6      | Killed an ice beast
  4622 | D:6      | Reached XP level 7. HP: 36/36 MP: 12/17
  4631 | D:6      | Reached skill level 5 in Conjurations
  4906 | D:5      | Entered Level 5 of the Dungeon
  4918 | D:5      | HP: 1/36 [iguana (5)]
  5688 | D:4      | Learned a level 4 spell: Flame Wave
  5977 | D:5      | Reached XP level 8. HP: 18/41 MP: 11/20
  6917 | D:6      | Mangled by an orc warrior

Illustrated notes

Levels and vault maps discovered:
D:1:      onia_arrival_zoo_common, layout_basic, ebering_ecumenical_altar_box
D:2:      layout_loops_ring, serial_shops, nicolae_shop_crystal
D:3:      layout_basic
D:4:      layout_rooms, enter_ossuary_4, skrybe_limestone_x,
          hangedman_decor_peaks_small
D:5:      layout_rooms, portal_sewer_entry_e
D:6:      layout_rooms
D:7:      layout_gridville, minmay_temple_entry_arrows,
          hellmonk_ghost_happy_afterlife

Skill      XL: |  1  2  3  4  5  6  7  8 |
---------------+-------------------------+-----
Stealth        | 3 |  3.1
Dodging        | 3 |  3.0
Conjurations   | 2 3 4 6 |  6.9
Fire Magic     | 4 5 6 7 |  7.0
Spellcasting   | 4 5 6 7 |  7.1

Action                   |  1- 3 |  4- 6 |  7- 9 || total
-------------------------+-------+-------+-------++-------
Melee: Unarmed           |     4 |       |       ||     4
       Staff             |     1 |     5 |     2 ||     8
 Cast: Foxfire           |    78 |   134 |    87 ||   299
       Scorch            |       |    13 |    28 ||    41
       Conjure Flame     |       |     2 |     2 ||     4
       Flame Wave        |       |       |     5 ||     5
Armor: Robe              |     3 |       |       ||     3
       Leather armour    |       |     5 |     3 ||     8
Dodge: Dodged            |    20 |    23 |    36 ||    79
